AoeStats
← nando-quiros

Arena

510877666Analyzed
3v3 RM · 6h ago on Oct 2, 2026· 62m 25s· 6 players
Game mode
Random Map
Map size
Normal (6 player)
Population
200
Speed
Normal
Resources
Standard
Victory
Conquest
Starting age
Dark Age
Ending age
Imperial Age
RankedLock teamsTeams togetherTeam positionsShared explorationLock speedFull tech treeHidden civsTurbo modeCheats
Victory
Defeat
🇺🇾 Italians · Uruguay
1085
+14
🇺🇾 Varangians · Uruguay
1066
+15
🇺🇾 Romans · Uruguay
1043
+16
🇨🇷 Byzantines · Costa Rica
1118
-17
🇨🇷 Britons · Costa Rica
1081
-17
🇨🇷 Spanish · Costa Rica
950
-11
DUROTAN
12:25 Feudal Age
16:31 Castle Age
20:30 Double-Bit Axe
20:37 Horse Collar
22:29 Scale Barding Armor
23:02 Double-Bit Axe
23:41 Chain Barding Armor
36:15 Imperial Age
36:31 Pikeman
37:16 Scale Mail Armor
37:26 Forging
44:44 Redemption
Aloti
8:40 Loom
11:18 Feudal Age
15:28 Castle Age
15:29 Horse Collar
15:37 Double-Bit Axe
17:11 Bow Saw
17:25 Heavy Plow
20:24 Loom
21:18 Wheelbarrow
22:39 Fletching
25:46 Bodkin Arrow
25:22 Elite Skirmisher
26:12 Gold Mining
27:39 Hand Cart
27:10 Pikeman
27:51 Squires
27:17 Pikeman
28:24 Forging
31:15 Imperial Age
29:42 Thumb Ring
29:43 Padded Archer Armor
30:59 Iron Casting
30:41 Leather Archer Armor
31:25 Ballistics
31:12 Squires
31:00 Arson
31:46 Husbandry
32:03 Bracer
32:39 Scale Barding Armor
36:13 Chemistry
35:45 Ring Archer Armor
35:36 Chain Barding Armor
34:52 Halberdier
35:37 Light Cavalry
36:20 Scale Mail Armor
37:21 Scale Mail Armor
38:02 Plate Barding Armor
37:52 Conscription
40:49 Elite Cataphract
42:57 Chain Mail Armor
45:37 Plate Mail Armor
51:37 Logistica
51:44 Logistica
51:43 Hussar
nando-quiros
10:45 Feudal Age
15:39 Castle Age
13:51 Double-Bit Axe
17:22 Wheelbarrow
16:33 Horse Collar
18:12 Bow Saw
21:31 Treadmill Crane
22:16 Forging
22:31 Heavy Plow
22:31 Loom
23:38 Gambesons
23:38 Pikeman
24:40 Squires
25:30 Hand Cart
30:19 Imperial Age
28:09 Gold Mining
28:22 Stone Mining
28:26 Town Watch
28:57 Fletching
29:12 Scale Mail Armor
30:11 Gold Shaft Mining
30:41 Yeomen
30:23 Bodkin Arrow
30:32 Padded Archer Armor
31:37 Bracer
32:03 Ballistics
33:18 Chemistry
32:06 Halberdier
33:56 Conscription
33:58 Leather Archer Armor
34:38 Masonry
35:54 Town Patrol
36:12 Elite Longbowman
41:20 Hoardings
41:19 Crossbowman
43:28 Man-at-Arms
44:58 Sappers
45:20 Long Swordsman
49:34 Two-Handed Swordsman
50:35 Champion
51:35 Chain Mail Armor
51:56 Iron Casting
52:49 Plate Mail Armor
53:42 Arson
55:15 Blast Furnace
lbalparda
11:08 Feudal Age
15:44 Castle Age
14:20 Stone Mining
14:12 Horse Collar
20:23 Double-Bit Axe
25:42 Gold Mining
25:57 Heavy Plow
26:11 Bow Saw
27:14 Elite Skirmisher
28:06 Forging
27:58 Scale Mail Armor
28:59 Stone Shaft Mining
33:08 Imperial Age
31:17 Wheelbarrow
30:30 Loom
30:32 Town Watch
31:10 Bloodlines
31:19 Chain Mail Armor
32:21 Fletching
33:08 Iron Casting
32:42 Squires
32:28 Gambesons
32:31 Arson
33:32 Hand Cart
33:17 Town Patrol
35:21 Crop Rotation
35:54 Two-Man Saw
35:09 Capped Ram
36:07 Siege Ram
36:26 Gothikon
38:47 Blast Furnace
38:18 Plate Mail Armor
37:44 Elite Varangian Guard
38:32 Scale Barding Armor
38:23 Bodkin Arrow
40:21 Padded Archer Armor
42:26 Bracer
43:21 Husbandry
42:43 Cavalier
42:47 Vendel Legacy
42:48 Elite Jarl
43:49 Conscription
44:34 Ballistics
45:15 Chemistry
44:21 Siege Engineers
43:58 Treadmill Crane
44:29 Masonry
44:16 Murder Holes
44:32 Fortified Wall
46:57 Light Cavalry
57:51 Hussar
60:34 Chain Barding Armor
alfoo
10:11 Feudal Age
14:10 Castle Age
12:32 Double-Bit Axe
13:16 Horse Collar
15:08 Bow Saw
15:06 Loom
26:01 Wheelbarrow
30:38 Imperial Age
28:04 Gold Mining
29:07 Stone Mining
29:19 Heavy Plow
29:45 Hand Cart
30:50 Stone Shaft Mining
30:52 Town Watch
32:19 Chemistry
31:15 Fletching
31:25 Padded Archer Armor
32:41 Two-Man Saw
32:17 Crop Rotation
33:10 Pikeman
33:50 Squires
34:05 Forging
33:55 Scale Mail Armor
35:42 Fortified Wall
36:35 Iron Casting
36:15 Chain Mail Armor
36:50 Treadmill Crane
37:36 Arson
40:11 Conscription
40:06 Masonry
40:02 Caravan
39:38 Man-at-Arms
40:56 Ballistics
42:02 Blast Furnace
41:32 Plate Mail Armor
40:58 Bodkin Arrow
41:03 Long Swordsman
42:20 Architecture
41:55 Capped Ram
42:29 Two-Handed Swordsman
43:52 Champion
44:21 Elite Genoese Crossbowman
46:58 Bombard Tower
46:53 Town Patrol
46:55 Bodkin Arrow
47:15 Leather Archer Armor
47:53 Silk Road
51:37 Hoardings
51:23 Guard Tower
51:18 Arrowslits
51:35 Bracer
52:05 Ring Archer Armor
53:35 Hoardings
57:00 Thumb Ring
60:25 Keep
59:46 Murder Holes
61:44 Coinage
61:24 Guilds
60:43 Elite Skirmisher
61:09 Crossbowman
61:14 Light Cavalry
jcbalpa.tricolor
7:43 Loom
11:22 Feudal Age
15:36 Castle Age
14:50 Double-Bit Axe
14:47 Horse Collar
17:26 Bow Saw
22:21 Heavy Plow
24:39 Stone Mining
27:26 Ballistics
29:52 Imperial Age
27:47 Forging
27:37 Scale Mail Armor
29:12 Wheelbarrow
28:22 Town Watch
29:35 Man-at-Arms
30:15 Squires
30:53 Iron Casting
30:18 Scale Mail Armor
30:26 Capped Ram
30:30 Long Swordsman
32:43 Comitatenses
33:56 Blast Furnace
33:12 Chain Mail Armor
32:45 Legionary
34:33 Siege Ram
37:35 Elite Skirmisher
40:07 Fletching
40:18 Padded Archer Armor
41:19 Chemistry
40:50 Bodkin Arrow
41:10 Heavy Scorpion
45:52 Elite Centurion
56:25 Scale Barding Armor
58:55 Hand Cart
58:40 Town Patrol
Connection lost

Rejoining the realm…

Still unreachable

The connection could not be restored.

Session expired

The server has moved on; the page needs a fresh start.